 Dungeon Crawl Stone Soup version 0.18.1-48-g4cf74bf (webtiles) character file.

18 Heedrag the Firebug (level 2, 0/19 HPs)
             Began as a Demonspawn Fire Elementalist on Aug 1, 2016.
             Slain by a kobold (3 damage)
             ... on level 2 of the Dungeon.
             The game lasted 00:01:56 (1131 turns).

Heedrag the Firebug (Demonspawn Fire Elementalist)  Turns: 1131, Time: 00:01:57

Health: 0/19       AC:  2    Str:  8    XL:     2   Next: 48%
Magic:  1/5        EV: 12    Int: 16    God:
Gold:   93         SH:  0    Dex: 13    Spells: 1 memorised, 4 levels left

rFire  . . .     SeeInvis .     e - +0 club
rCold  . . .     Gourm    .     a - +0 robe
rNeg   . . .     Faith    .     (no shield)
rPois  .         Spirit   .     (helmet restricted)
rElec  .         Dismiss  .     (no cloak)
rCorr  .         Reflect  .     (no gloves)
SustAt .         Harm     .     (no boots)
MR     .....                    (no amulet)
Stlth  ++........               (no ring)
                                (no ring)

@: very slightly contaminated, not resistant to hostile enchantments, unstealthy
A: horns 1
a: no special abilities


You were on level 2 of the Dungeon.
You were not hungry.

You visited 1 branch of the dungeon, and saw 2 of its levels.

You collected 93 gold pieces.

Inventory:

Hand Weapons
 e - a +0 club (weapon)
Missiles
 g - 33 sling bullets
 h - 72 stones (quivered)
Armour
 a - a +0 robe (worn)
Jewellery
 s - an uncursed ring of wizardry {unknown}
Scrolls
 i - a scroll of remove curse {unknown}
 n - a scroll of teleportation {unknown}
 p - a scroll of recharging {unknown}
 r - a scroll of enchant armour {unknown}
Potions
 k - a potion of ambrosia {unknown}
 l - a potion of curing {unknown}
 m - a potion of might {unknown}
 o - 3 potions of berserk rage {unknown}
 q - 2 potions of magic {unknown}
 t - a potion of lignification {unknown}
Books
 b - a book of Flames

   Spells                             Type                      Level
   a - Flame Tongue                   Conjuration/Fire             1
   b - Throw Flame                    Conjuration/Fire             2
   c - Conjure Flame                  Conjuration/Fire             3
   d - Inner Flame                    Hexes/Fire                   3
   e - Sticky Flame                   Conjuration/Fire             4
   f - Fireball                       Conjuration/Fire             5
Comestibles
 c - 2 bread rations
 d - a slice of pizza
 f - 2 fruits
 j - a meat ration


   Skills:
 - Level 1.7 Dodging
 - Level 1.7 Stealth
 + Level 2.3 Spellcasting
 * Level 2.0 Conjurations
 - Level 2.6 Fire Magic


You had 4 spell levels left.
You knew the following spells:

 Your Spells              Type           Power        Failure   Level  Hunger
a - Flame Tongue          Conj/Fire      #....        10%         1    #......


Dungeon Overview and Level Annotations

Branches:
Dungeon (2/15)

Altars:


Innate Abilities, Weirdness & Mutations

You have a pair of small horns on your head.


Message History

A kobold comes inta view.
Tha jackal bites ye.
Tha jackal closely misses ye.
Tha jackal bites ye.
Tha jackal bites ye but does nay damage.
Ye hit tha jackal.
Ye kill tha jackal!
Yer Conjurations skill increases ta level 2!
Tha jackal closely misses ye. x2
Tha jackal barely misses ye.
A giant gecko comes inta view.
Ye hit tha jackal.
Ye headbutt tha jackal.
Ye kill tha jackal!
Ye barely miss tha kobold.
Tha kobold hits ye but does nay damage.
Tha kobold hits ye.
Ye closely miss tha kobold.
Tha kobold hits ye.
* * * LOW HITPOINT WARNIN'
* * * Ye closely miss tha kobold.
Tha giant gecko closely misses ye.
Tha kobold hits ye.
Ye die...

#.........# #.........#
#.........#
############.........#######
...........'...............+
...........#...............#
...........#.............?.#
...........#....l..........#
...........#...@K..†.......#
...........#........$.###....
...........#...........# .h..
.##+#....#.#.........#.# ...
#....#..).########.# ..
#....#....# .# #....#....# ..
#....+....# #. #....##...#


You could see a giant gecko and a kobold.

Vanquished Creatures
  3 goblins (D:1)
  A hobgoblin (D:1)
  3 jackals (D:2)
  3 bats (D:1)
  A giant newt (D:2)
  2 kobolds
  5 rats (D:1)
18 creatures vanquished.

Notes
Turn   | Place    | Note
--------------------------------------------------------------
     0 | D:1      | Heedrag the Demonspawn Fire Elementalist began the quest for the Orb.
     0 | D:1      | Reached XP level 1. HP: 13/13 MP: 3/3
   500 | D:1      | Gained mutation: You have a pair of small horns on your head. [demonic ancestry]
   500 | D:1      | Reached XP level 2. HP: 19/19 MP: 1/5
  1131 | D:2      | Slain by a kobold

Skill      XL: |  1  2 |
---------------+-------+-----
Conjurations   | 2 |  2.0
Dodging        | |  1.7
Stealth        | |  1.7
Spellcasting   | |  2.3
Fire Magic     | |  2.6

Action                   || total
-------------------------++-------
Melee: Unarmed           ||     5
       Club              ||     9
       Headbutt          ||     1
 Cast: Flame Tongue      ||    21
  Eat: Chunk             ||     1
Armor: Robe              ||     8
Dodge: Dodged            ||    19
